AoeStats
← 超究武神覇斬

Arena

505355254Analyzed
1v1 RM · 22d ago on Sep 9, 2026· 50m 49s· 2 players
Game mode
Random Map
Map size
Tiny (2 player)
Population
200
Speed
Normal
Resources
Standard
Victory
Conquest
Starting age
Dark Age
Ending age
Imperial Age
RankedLock teamsTeams togetherTeam positionsShared explorationLock speedFull tech treeHidden civsTurbo modeCheats
Victory
Defeat
🇦🇷 Mongols · Argentina
929
+15
🇨🇳 Portuguese · China
901
-15
超究武神覇斬
9:34 Feudal Age
13:21 Castle Age
25:05 Imperial Age
24:00 Gold Mining
24:00 Stone Mining
25:38 Stone Mining
27:00 Guilds
30:06 Loom
33:02 Chemistry
33:02 Wheelbarrow
37:26 Fortified Wall
40:53 Forging
40:48 Scale Barding Armor
41:25 Conscription
41:27 Husbandry
41:37 Bloodlines
40:48 Cavalier
44:13 Iron Casting
43:43 Scale Barding Armor
46:17 Blast Furnace
45:37 Chain Barding Armor
48:53 Plate Barding Armor
fenic93
9:11 Feudal Age
9:25 Loom
10:44 Wheelbarrow
9:57 Double-Bit Axe
20:22 Castle Age
18:42 Gold Mining
18:43 Stone Mining
19:53 Horse Collar
20:28 Forging
20:09 Fletching
22:07 Hand Cart
22:16 Scale Barding Armor
22:38 Bloodlines
24:32 Bow Saw
24:52 Heavy Plow
31:08 Imperial Age
28:08 Elite Skirmisher
28:49 Light Cavalry
30:22 Pikeman
31:16 Scale Mail Armor
33:06 Conscription
32:54 Husbandry
33:34 Hussar
34:57 Iron Casting
38:39 Ballistics
38:15 Murder Holes
40:23 Elite Mangudai
45:16 Blast Furnace
44:31 Chain Mail Armor
44:37 Chain Barding Armor
44:17 Padded Archer Armor
44:13 Bodkin Arrow
45:27 Chemistry
44:20 Guard Tower
44:42 Siege Engineers
49:11 Coinage
Connection lost

Rejoining the realm…

Still unreachable

The connection could not be restored.

Session expired

The server has moved on; the page needs a fresh start.